[Event "Titled Tuesday Blitz May 31 Late 2022"]
[White "Luo, Terry"]
[Black "Kovalev, Vladislav"]
[WhiteFideId "30931045"]
[BlackFideId "13504398"]
[WhiteElo "2024"]
[BlackElo "2530"]
[Result "1-0"]
[Round "01"]
[TimeControl "180+1"]
[Date "2022.05.31"]
[WhiteClock "0:01:53"]
[BlackClock "0:00:38"]

1. d4 Nf6 2. c4 e6 3. g3 d5 4. Bg2 Be7 5. Nf3 O-O 6. O-O dxc4 7. Qc2 a6 8. a4 Bd7 9. Qxc4 Bc6 10. Bf4 Bd6 11. Qc1 Nbd7 12. Nc3 Qe7 13. Rd1 e5 14. dxe5 Nxe5 15. Nxe5 Bxg2 16. Kxg2 Bxe5 17. Qe3 Rfe8 18. Bxe5 Qxe5 19. Qxe5 Rxe5 20. Rd2 Kf8 21. Rad1 Ke8 22. f4 Re7 23. Kf3 Rd7 24. e4 Rxd2 25. Rxd2 Nd7 26. b4 c6 27. a5 Rc8 28. Na4 Rc7 29. e5 Ke7 30. Nc5 Nf8 31. f5 Ke8 32. Ke4 Ke7 33. g4 Ke8 34. h4 Ke7 35. g5 Ke8 36. h5 g6 37. fxg6 hxg6 38. hxg6 Nxg6 39. Kf5 Re7 40. e6 Nf8 41. exf7+ Rxf7+ 42. Kg4 Rg7 43. Re2+ Kd8 44. Rf2 Rg8 45. Rxf8+ Rxf8 46. Ne6+ Ke7 47. Nxf8 Kxf8 48. Kf5 1-0


[Site "https://www.chess.com"]

[Event "Titled Tuesday Blitz May 31 Late 2022"]
[White "Mahdavi, Reza"]
[Black "Deviprasath, Sharvesh"]
[WhiteFideId "12595926"]
[BlackFideId "30938228"]
[WhiteElo "2253"]
[BlackElo "2102"]
[Result "1-0"]
[Round "01"]
[TimeControl "180+1"]
[Date "2022.06.01"]
[WhiteClock "0:00:04"]
[BlackClock "0:00:01"]

1. e4 e5 2. Nf3 Nc6 3. Nc3 Nf6 4. d4 Bb4 5. Nxe5 Nxe4 6. Qg4 Nxc3 7. Qxg7 Rf8 8. a3 Nxd4 9. axb4 Nxc2+ 10. Kd2 Nxa1 11. Kxc3 a5 12. Bc4 axb4+ 13. Kd2 d5 14. Bb5+ c6 15. Re1 Be6 16. Nxc6 bxc6 17. Rxe6+ Kd7 18. Rxc6 Qe7 19. Kd1 Nb3 20. Rc3+ Kd8 21. Rxb3 Ra5 22. Be2 Ra1 23. Qd4 Rxc1+ 24. Kxc1 Qxe2 25. Qxd5+ Kc7 26. Qc5+ Kd7 27. Qxf8 Qe1+ 28. Kc2 Qe2+ 29. Kb1 Qf1+ 30. Ka2 Qa6+ 31. Ra3 Qe6+ 32. Kb1 Qe1+ 33. Kc2 Qxf2+ 34. Kb3 bxa3 35. Kxa3 Qe3+ 36. b3 Qc1+ 37. Ka4 Qc6+ 38. Ka5 Qxg2 39. Qxf7+ Kc6 40. Qe6+ Kc7 41. Qe5+ Kd7 42. Qf5+ Kd6 43. Qf4+ Kd7 44. Qd4+ Kc6 45. Qb6+ Kd7 46. b4 Qa2+ 47. Kb5 Qxh2 48. Qb7+ Qc7 49. Qd5+ Kc8 50. Qg8+ Kb7 51. Qd5+ Ka7 52. Qd4+ Kb7 53. Qd5+ Kc8 54. Ka6 Qd8 55. Qc6+ Qc7 56. Qa8+ Kd7 57. Qd5+ Ke7 58. Qe4+ Kf6 59. Qd4+ Kg6 60. b5 Qc8+ 61. Ka5 Qa8+ 62. Kb4 h5 63. Qd6+ Kf5 64. Qc5+ Ke6 65. Qxh5 Qe4+ 66. Ka5 Qa8+ 67. Kb6 Qd8+ 68. Kc5 Qf8+ 69. Kc4 Qf4+ 70. Kb3 Qe3+ 71. Kb4 Qe4+ 72. Kc3 Qe3+ 73. Kc4 Qf4+ 74. Kc5 Qf8+ 75. Kb6 Qd8+ 76. Ka7 Qe7+ 77. Ka6 Qd6+ 78. b6 Qd3+ 79. Qb5 Qa3+ 80. Qa5 Qd6 81. Ka7 Qd4 82. Qb5 1-0


[Site "https://www.chess.com"]

[Event "Titled Tuesday Blitz May 31 Late 2022"]
[White "Matlakov, Maxim"]
[Black "Koutlas, Nikolaos"]
[WhiteFideId "4168003"]
[BlackFideId "25827138"]
[WhiteElo "2669"]
[BlackElo "1645"]
[Result "1-0"]
[Round "01"]
[TimeControl "180+1"]
[Date "2022.05.31"]
[WhiteClock "0:01:39"]
[BlackClock "0:00:08"]

1. e4 c5 2. Nf3 Nc6 3. Bb5 g6 4. O-O Bg7 5. d3 Nf6 6. Nc3 O-O 7. e5 Ng4 8. Bxc6 dxc6 9. Re1 Qc7 10. Bf4 Nh6 11. Ne4 Qb6 12. b3 Nf5 13. h3 h6 14. Qd2 g5 15. Bh2 Be6 16. Ng3 Nxg3 17. Bxg3 Rad8 18. Qe3 Rd5 19. h4 g4 20. Nd2 Rd4 21. Bf4 Kh7 22. Qg3 h5 23. Rad1 Qa5 24. Bg5 Re8 25. a4 Qc3 26. Rc1 Bf5 27. Nc4 b5 28. Bd2 Qxd2 29. Nxd2 1-0


[Site "https://www.chess.com"]

[Event "Titled Tuesday Blitz May 31 Late 2022"]
[White "Mickiewicz, Piotr"]
[Black "Eljanov, Pavel"]
[WhiteFideId "1114891"]
[BlackFideId "14102951"]
[WhiteElo "2223"]
[BlackElo "2601"]
[Result "0-1"]
[Round "01"]
[TimeControl "180+1"]
[Date "2022.06.01"]
[WhiteClock "0:00:08"]
[BlackClock "0:00:29"]

1. e4 c6 2. d4 d5 3. Nc3 dxe4 4. Nxe4 Nf6 5. Nxf6+ exf6 6. c3 Bd6 7. Bd3 O-O 8. Qc2 h5 9. Ne2 Re8 10. h3 h4 11. Be3 Nd7 12. O-O Nf8 13. c4 Bb8 14. Qc1 Ng6 15. f4 Qc7 16. Rf3 Ne7 17. Qc2 g6 18. Raf1 Bf5 19. Bf2 Bxd3 20. Qxd3 Nf5 21. Nc3 Kg7 22. b4 a5 23. b5 Qd7 24. Rd1 Bc7 25. bxc6 bxc6 26. Na4 Rab8 27. Nc5 Qe7 28. Re1 Qxe1+ 29. Bxe1 Rxe1+ 30. Rf1 Rxf1+ 31. Kxf1 Bxf4 32. d5 cxd5 33. cxd5 Rb2 34. Ne4 Ne3+ 35. Ke1 Nxg2+ 36. Kd1 Ne3+ 37. Kc1 Nc4+ 38. Kd1 Rd2+ 39. Nxd2 Nb2+ 40. Ke2 Nxd3 41. Kxd3 Bxd2 42. Kxd2 g5 43. Kc3 f5 44. Kd4 g4 45. Ke5 gxh3 46. d6 h2 47. d7 h1=Q 48. d8=Q Qe4+ 0-1


[Site "https://www.chess.com"]

[Event "Titled Tuesday Blitz May 31 Late 2022"]
[White "Moroni, Luca Jr"]
[Black "D`Arruda, Ricardo D."]
[WhiteFideId "865834"]
[BlackFideId "100692"]
[WhiteElo "2573"]
[BlackElo "2432"]
[Result "1-0"]
[Round "01"]
[TimeControl "180+1"]
[Date "2022.06.01"]
[WhiteClock "0:00:39"]
[BlackClock "0:00:14"]

1. d4 Nf6 2. Bf4 d6 3. Nf3 g6 4. e3 Bg7 5. h3 O-O 6. c4 c5 7. Nc3 Nc6 8. Be2 b6 9. O-O Bb7 10. d5 Nb8 11. e4 Nbd7 12. Re1 a6 13. a4 Re8 14. Bf1 Qc7 15. Bh2 Rad8 16. Qb3 e5 17. dxe6 Rxe6 18. Rad1 Nxe4 19. Nxe4 Bxe4 20. Ng5 Nf6 21. Nxe6 fxe6 22. f3 Bc6 23. Rxe6 Ne8 24. Qe3 Bd4 25. Rxd4 cxd4 26. Qxd4 Bxa4 27. h4 Qc5 28. Qxc5 bxc5 29. Bd3 Kf7 30. Re1 Bc6 31. Ra1 Bb7 32. Kf2 Nf6 33. g4 d5 34. Be5 d4 35. Kg3 Nd7 36. Bf4 Re8 37. Ra3 Ne5 38. Bxe5 Rxe5 39. Rb3 Re7 40. Rb6 Ke8 41. h5 gxh5 42. gxh5 Kf8 43. h6 Kg8 44. Kg4 Rf7 45. f4 Bc8+ 46. Kg5 Rb7 47. Rc6 Bd7 48. Rxc5 Rxb2 49. Rc7 Rg2+ 50. Kf6 1-0


[Site "https://www.chess.com"]

[Event "Titled Tuesday Blitz May 31 Late 2022"]
[White "Mortazavi, Ali"]
[Black "Hansen, Eric"]
[WhiteFideId "401323"]
[BlackFideId "2606771"]
[WhiteElo "2339"]
[BlackElo "2568"]
[Result "0-1"]
[Round "01"]
[TimeControl "180+1"]
[Date "2022.05.31"]
[WhiteClock "0:00:14"]
[BlackClock "0:00:15"]

1. Nf3 d5 2. g3 g6 3. Bg2 Bg7 4. O-O Nf6 5. d3 O-O 6. Nbd2 Nc6 7. e4 e5 8. a4 Re8 9. a5 a6 10. exd5 Nxd5 11. Nc4 h6 12. Re1 Bg4 13. h3 Bf5 14. Nh4 Be6 15. Nf3 Ndb4 16. Ncxe5 Nxe5 17. Nxe5 Bd5 18. Nf3 Qf6 19. c3 Bxf3 20. Bxf3 Rxe1+ 21. Qxe1 Nc2 22. Qd1 Nxa1 23. Kg2 Qe6 24. c4 Qe5 25. Qa4 Qe1 26. Be3 Qb1 27. Bxb7 Rb8 28. Bd5 Nc2 29. Bc5 Ne1+ 30. Kh2 Nxd3 31. Be3 Qxb2 32. Qd7 Rf8 33. Kg2 Nxf2 34. Kf3 Nd3 35. Ke4 Qc2 36. Bxf7+ Rxf7 37. Qxd3 Re7+ 0-1


[Site "https://www.chess.com"]

[Event "Titled Tuesday Blitz May 31 Late 2022"]
[White "Nakamura, Hikaru"]
[Black "Golubev, Mikhail"]
[WhiteFideId "2016192"]
[BlackFideId "14100983"]
[WhiteElo "2850"]
[BlackElo "2374"]
[Result "1-0"]
[Round "01"]
[TimeControl "180+1"]
[Date "2022.05.31"]
[WhiteClock "0:01:57"]
[BlackClock "0:00:26"]

1. Nf3 d6 2. d4 Nf6 3. Nc3 Nbd7 4. e4 e5 5. Bc4 Be7 6. O-O O-O 7. a4 c6 8. h3 exd4 9. Nxd4 Nc5 10. Re1 a5 11. b3 Re8 12. Qf3 Be6 13. Bxe6 fxe6 14. Ba3 d5 15. exd5 exd5 16. Nf5 Bf8 17. Rxe8 Nxe8 18. Re1 Qf6 19. Nxd5 cxd5 20. Bxc5 Bxc5 21. Qxd5+ Qf7 22. Qxc5 1-0


[Site "https://www.chess.com"]

[Event "Titled Tuesday Blitz May 31 Late 2022"]
[White "Norowitz, Yaacov"]
[Black "Hamley, Ryan"]
[WhiteFideId "2024799"]
[BlackFideId "30959497"]
[WhiteElo "2412"]
[BlackElo "2503"]
[Result "1-0"]
[Round "01"]
[TimeControl "180+1"]
[Date "2022.05.31"]
[WhiteClock "0:01:42"]
[BlackClock "0:00:08"]

1. d4 Nf6 2. e3 e6 3. Bd3 b6 4. f4 Bb7 5. Nf3 d6 6. O-O Nbd7 7. Nbd2 g6 8. e4 Bg7 9. e5 Nd5 10. Ne4 Qe7 11. a3 dxe5 12. fxe5 f5 13. exf6 N5xf6 14. Neg5 O-O-O 15. Re1 Nf8 16. Qe2 Nh5 17. Be4 Bxd4+ 18. Kh1 Bf6 19. Bxb7+ Kxb7 20. Ne4 Nd7 21. a4 a6 22. a5 b5 23. c4 Qb4 24. cxb5 Qxb5 25. Qc2 Rhe8 26. Ra3 Ka8 27. Rb3 Qd5 28. Rd1 1-0


[Site "https://www.chess.com"]

[Event "Titled Tuesday Blitz May 31 Late 2022"]
[White "Oparin, Grigoriy"]
[Black "Batsiashvili, Nino"]
[WhiteFideId "24125890"]
[BlackFideId "13602993"]
[WhiteElo "2665"]
[BlackElo "2193"]
[Result "1/2-1/2"]
[Round "01"]
[TimeControl "180+1"]
[Date "2022.05.31"]
[WhiteClock "0:00:12"]
[BlackClock "0:00:26"]

1. g3 d5 2. Nf3 c5 3. Bg2 Nc6 4. d4 cxd4 5. Nxd4 Nf6 6. O-O e5 7. Nxc6 bxc6 8. c4 Be6 9. Bg5 Be7 10. Qa4 O-O 11. Nc3 d4 12. Bxf6 Bxf6 13. Ne4 Be7 14. c5 Bd5 15. Rac1 Rc8 16. Rfd1 f5 17. Nd6 Bxd6 18. cxd6 Qxd6 19. Qxa7 c5 20. Qa3 Bxg2 21. Kxg2 Qd5+ 22. Kg1 c4 23. Qf3 e4 24. Qf4 d3 25. Qe3 Rb8 26. b3 cxb3 27. axb3 Rxb3 28. exd3 Rxd3 29. Qe2 Rd8 30. Rf1 Qd4 31. Qa2+ Kh8 32. Qe6 f4 33. Rc8 Rxc8 34. Qxc8+ Qd8 35. Qxd8+ Rxd8 36. gxf4 Rf8 37. f3 Rxf4 38. fxe4 Rxf1+ 39. Kxf1 Kg8 40. Kf2 Kf7 41. Kf3 Kf6 42. Kf4 g5+ 43. Kg4 h6 44. Kh5 Kg7 45. e5 Kh7 46. h3 Kg7 47. e6 Kf6 48. Kxh6 Kxe6 49. Kxg5 Kf7 50. Kh6 Kg8 51. Kg6 Kh8 52. h4 Kg8 53. h5 Kh8 54. h6 Kg8 55. h7+ Kh8 56. Kh6 1/2-1/2


[Site "https://www.chess.com"]

[Event "Titled Tuesday Blitz May 31 Late 2022"]
[White "Ozates, Tuna"]
[Black "Kollars, Dmitrij"]
[WhiteFideId "6354521"]
[BlackFideId "12909572"]
[WhiteElo "1887"]
[BlackElo "2584"]
[Result "0-1"]
[Round "01"]
[TimeControl "180+1"]
[Date "2022.05.31"]
[WhiteClock "0:01:55"]
[BlackClock "0:01:39"]

1. e4 c6 2. d4 d5 3. e5 Bf5 4. Nf3 e6 5. Be2 c5 6. O-O Nc6 7. c3 Bg6 8. Nbd2 cxd4 9. cxd4 Nge7 10. a3 Nc8 11. b4 Nb6 12. Nb3 Rc8 13. b5 Nb8 14. a4 Bc2 15. Qd2 Bxb3 16. Qf4 Bc4 17. Ng5 Qd7 18. Bh5 g6 19. Qf6 Rg8 20. Bg4 Bg7 21. Qf4 Bxf1 22. Kxf1 Bh6 23. Ba3 Bxg5 24. Qxg5 Nc4 25. Bb4 a5 26. bxa6 Nxa6 0-1


[Site "https://www.chess.com"]

[Event "Titled Tuesday Blitz May 31 Late 2022"]
[White "Paravyan, David"]
[Black "Martin Carmona, Gaston Manuel"]
[WhiteFideId "4194985"]
[BlackFideId "22284567"]
[WhiteElo "2569"]
[BlackElo "2162"]
[Result "1-0"]
[Round "01"]
[TimeControl "180+1"]
[Date "2022.05.31"]
[WhiteClock "0:00:02"]
[BlackClock "0:00:53"]

1. e4 c5 2. Nf3 d6 3. d4 cxd4 4. Nxd4 Nf6 5. Nc3 g6 6. Be3 Bg7 7. f3 Nc6 8. Qd2 O-O 9. Bc4 Bd7 10. O-O-O Rc8 11. Be2 Ne5 12. h4 h5 13. Kb1 Nc4 14. Bxc4 Rxc4 15. g4 hxg4 16. h5 Nxh5 17. Rdg1 Nf6 18. Bh6 Rxd4 19. Qxd4 Bxh6 20. Rxh6 Qb6 21. Qxb6 axb6 22. fxg4 Nxg4 23. Rh4 Nf6 24. Kc1 Rc8 25. Kd2 Rc5 26. Rgh1 Kg7 27. Rh8 Bc6 28. Kd3 Re5 29. R8h4 g5 30. Rg1 Kg6 31. Rh8 Nxe4 32. Ne2 Nc5+ 33. Kd2 Kg7 34. Rh2 f6 35. Nd4 Bd7 36. Rgh1 Ne4+ 37. Kc1 Bf5 38. Rh8 Bg6 39. Rb8 Nc5 40. b4 Ne6 41. Nb3 Be4 42. Rhh8 Kg6 43. c3 g4 44. Kd2 g3 45. Rbg8+ Ng7 46. Nd4 g2 47. Ne2 Bd5 48. Nf4+ Kf7 49. Rf8# 1-0


[Site "https://www.chess.com"]

[Event "Titled Tuesday Blitz May 31 Late 2022"]
[White "Pein, Jonathan"]
[Black "Zhigalko, Sergei"]
[WhiteFideId "417092"]
[BlackFideId "13502956"]
[WhiteElo "2140"]
[BlackElo "2662"]
[Result "0-1"]
[Round "01"]
[TimeControl "180+1"]
[Date "2022.05.31"]
[WhiteClock "0:00:53"]
[BlackClock "0:00:05"]

1. Nf3 d5 2. g3 c6 3. Bg2 Bg4 4. d4 Nd7 5. Nbd2 Ngf6 6. O-O e6 7. b3 Be7 8. Bb2 O-O 9. c4 a5 10. a3 h6 11. h3 Bf5 12. Re1 Re8 13. Ne5 Bh7 14. Ndf3 Nxe5 15. Nxe5 Bd6 16. Rc1 Be4 17. Nf3 Qe7 18. c5 Bc7 19. Qd2 Nd7 20. Bc3 e5 21. dxe5 Qxc5 22. e6 Rxe6 23. Bxg7 Qxa3 24. Bxh6 Qb4 25. Qg5+ Rg6 26. Qh5 Nf6 27. Qh4 Bxf3 28. Qxb4 axb4 29. exf3 Rxh6 30. Re7 Ne8 31. Rce1 Kf8 32. f4 Re6 33. R7xe6 fxe6 34. Rxe6 Ra3 35. Re3 Bb6 36. Rf3 Nd6 37. g4 Ne4 38. f5 Nxf2 39. g5 Ne4+ 40. Kh2 Nxg5 41. Rg3 Bc7 42. h4 Rxb3 43. hxg5 Rxg3 0-1


[Site "https://www.chess.com"]

[Event "Titled Tuesday Blitz May 31 Late 2022"]
[White "Pesotskiy, Mikhail"]
[Black "Holt, Conrad"]
[WhiteFideId "34164453"]
[BlackFideId "2034387"]
[WhiteElo "2010"]
[BlackElo "2586"]
[Result "0-1"]
[Round "01"]
[TimeControl "180+1"]
[Date "2022.05.31"]
[WhiteClock "0:00:15"]
[BlackClock "0:00:11"]

1. d4 d5 2. c4 c6 3. Nf3 Nf6 4. Nbd2 Bf5 5. Nh4 Bd7 6. e3 e6 7. Bd3 c5 8. Nhf3 Nc6 9. O-O cxd4 10. exd4 Bd6 11. c5 Bc7 12. Re1 O-O 13. a3 a5 14. b3 b6 15. cxb6 Bxb6 16. Bb2 Qb8 17. Qe2 Qa7 18. Qe3 Rfe8 19. Qf4 Rac8 20. Rac1 h6 21. Qh4 Ne7 22. Ne5 Rxc1 23. Rxc1 Rc8 24. Rxc8+ Bxc8 25. Ndf3 Qc7 26. Qf4 Bb7 27. Qc1 Qd8 28. h3 Ne4 29. Qf4 Nf5 30. Nd2 Qc7 31. Nxe4 dxe4 32. Bxe4 Bxd4 33. Bxd4 Nxd4 34. Bxb7 Ne2+ 0-1


[Site "https://www.chess.com"]

[Event "Titled Tuesday Blitz May 31 Late 2022"]
[White "Pinheiro, Iung Alicio de O."]
[Black "Pichot, Alan"]
[WhiteFideId "2104350"]
[BlackFideId "110973"]
[WhiteElo "2283"]
[BlackElo "2579"]
[Result "0-1"]
[Round "01"]
[TimeControl "180+1"]
[Date "2022.05.31"]
[WhiteClock "0:00:06"]
[BlackClock "0:00:59"]

1. c4 e5 2. g3 Nf6 3. Bg2 Bc5 4. Nc3 c6 5. e3 d6 6. Nge2 Nbd7 7. h3 O-O 8. a3 a5 9. O-O Re8 10. d4 Ba7 11. Qc2 Qe7 12. g4 Nf8 13. dxe5 dxe5 14. Ng3 h6 15. b3 Ng6 16. Nce4 Nh4 17. Bh1 Nh7 18. c5 Ng5 19. Nxg5 Qxg5 20. Kh2 Be6 21. f4 exf4 22. exf4 Qxc5 23. Qxc5 Bxc5 24. f5 Bxb3 25. Rb1 a4 26. Bf4 Rad8 27. Ne4 Bd4 28. Kg3 g5 29. fxg6 Nxg6 30. Bxh6 Be5+ 31. Kf2 Rd3 32. Bg5 Rxh3 33. Nf6+ Bxf6 34. Bxf6 Nf4 35. Bf3 Bd5 36. Bxd5 Nxd5 37. g5 Nf4 0-1


[Site "https://www.chess.com"]

[Event "Titled Tuesday Blitz May 31 Late 2022"]
[White "Plazuelo Pascual, Juan"]
[Black "Grischuk, Alexander"]
[WhiteFideId "32059566"]
[BlackFideId "4126025"]
[WhiteElo "2359"]
[BlackElo "2762"]
[Result "0-1"]
[Round "01"]
[TimeControl "180+1"]
[Date "2022.05.31"]
[WhiteClock "0:00:02"]
[BlackClock "0:00:02"]

1. d4 Nf6 2. c4 e6 3. Nc3 Bb4 4. Qc2 d6 5. Bd2 c5 6. dxc5 dxc5 7. Nf3 Nc6 8. e3 O-O 9. Be2 b6 10. a3 Ba5 11. O-O Bb7 12. Rfd1 Qe7 13. Be1 h6 14. h3 Rfd8 15. Rab1 Rxd1 16. Rxd1 Rd8 17. Rxd8+ Qxd8 18. Qd1 Qe7 19. Nb5 Bxe1 20. Nxe1 Nd7 21. Nc2 Kf8 22. Qd2 Nde5 23. f4 Nd7 24. Bf3 e5 25. Nd6 Ba8 26. Nc8 Qe6 27. Bd5 Qf6 28. Nxa7 Nxa7 29. Bxa8 Ke7 30. b4 Nc8 31. Bd5 Nd6 32. Qc3 Qf5 33. Bc6 exf4 34. exf4 Qxf4 35. Ne3 Nf6 36. bxc5 bxc5 37. Bf3 Qd4 38. Qe1 Kf8 39. Kh2 Nxc4 40. Nxc4 Qxc4 41. Qe5 Qd4 42. Qb8+ Ke7 43. Qb7+ Qd7 44. Qa6 Qd6+ 45. Qxd6+ Kxd6 46. Kg3 c4 47. Kf2 Kc5 48. Ke3 Nd7 49. g4 Nb6 50. Kd2 Kd4 51. Bc6 c3+ 52. Kc2 Nc4 53. a4 Ne3+ 54. Kb3 Kd3 55. Be8 c2 56. Bb5+ Kd2 0-1


[Site "https://www.chess.com"]

[Event "Titled Tuesday Blitz May 31 Late 2022"]
[White "Poormosavi, Seyed Kian"]
[Black "Bortnyk, Olexandr"]
[WhiteFideId "12585807"]
[BlackFideId "14120828"]
[WhiteElo "2222"]
[BlackElo "2723"]
[Result "0-1"]
[Round "01"]
[TimeControl "180+1"]
[Date "2022.05.31"]
[WhiteClock "0:00:02"]
[BlackClock "0:00:12"]

1. Nf3 d6 2. g3 Nf6 3. Bg2 g6 4. O-O Bg7 5. d4 O-O 6. c4 Bf5 7. Nc3 Ne4 8. Ne1 Nxc3 9. bxc3 Nc6 10. e4 Bd7 11. Nd3 Na5 12. c5 Bb5 13. a4 Bxd3 14. Qxd3 dxc5 15. Be3 c6 16. Rfd1 c4 17. Qc2 Nb3 18. Rab1 Qa5 19. Qa2 Qxc3 20. d5 cxd5 21. exd5 Rfd8 22. d6 Rxd6 23. Rxd6 exd6 24. Bxb7 Rb8 25. Bg2 Bd4 26. Bxd4 Qxd4 27. h4 h5 28. Qc2 Kg7 29. Rd1 Qc5 30. Qc3+ Kg8 31. Rd5 Qb4 32. Qf6 c3 33. Rg5 Qd4 34. Rxg6+ fxg6 35. Qxg6+ Kf8 36. Qh6+ Qg7 37. Qf4+ Ke7 38. Qe4+ Kd8 39. Qd3 Nd4 40. Qa6 Rb1+ 41. Kh2 Rb6 42. Qa5 c2 43. Qd5 c1=Q 44. Qa8+ Qc8 0-1


[Site "https://www.chess.com"]

[Event "Titled Tuesday Blitz May 31 Late 2022"]
[White "Richter, Nils"]
[Black "Kamsky, Gata"]
[WhiteFideId "12990809"]
[BlackFideId "2000024"]
[WhiteElo "2243"]
[BlackElo "2645"]
[Result "0-1"]
[Round "01"]
[TimeControl "180+1"]
[Date "2022.05.31"]
[WhiteClock "0:00:10"]
[BlackClock "0:00:55"]

1. Nf3 f5 2. d3 d6 3. e4 e5 4. Nc3 Nf6 5. exf5 Bxf5 6. d4 e4 7. Nh4 Bd7 8. Bc4 Nc6 9. Nxe4 Qe7 10. O-O Nxe4 11. Qh5+ Kd8 12. Re1 d5 13. Bxd5 Nf6 14. Qd1 Qd6 15. Bf3 Qxd4 16. Bg5 Qxd1 17. Raxd1 Bd6 18. c4 Re8 19. Rxe8+ Kxe8 20. a3 a5 21. Bxf6 gxf6 22. Bh5+ Kf8 23. g4 Be6 24. b3 Bxa3 25. Nf5 Bxf5 26. gxf5 Rd8 27. Re1 Bc5 28. Re6 Kg7 29. Bf3 Nd4 30. Bd5 Nxe6 0-1


[Site "https://www.chess.com"]

[Event "Titled Tuesday Blitz May 31 Late 2022"]
[White "Riehle, Marco"]
[Black "Cruz Mendez, Jean Marco"]
[WhiteFideId "12904392"]
[BlackFideId "3526402"]
[WhiteElo "2462"]
[BlackElo "2064"]
[Result "1-0"]
[Round "01"]
[TimeControl "180+1"]
[Date "2022.06.01"]
[WhiteClock "0:00:27"]
[BlackClock "0:00:29"]

1. e4 c5 2. a3 e6 3. b4 cxb4 4. axb4 Bxb4 5. Bb2 Nf6 6. e5 Nd5 7. c4 Nb6 8. Ra3 O-O 9. Rg3 Re8 10. h4 Nc6 11. h5 h6 12. Bd3 Bf8 13. Qg4 Nb4 14. Be4 Nxc4 15. Bc3 Nd5 16. Nf3 Nxc3 17. Nxc3 Qa5 18. Bb1 Nxe5 19. Qe4 Nxf3+ 20. Rxf3 f5 21. Qd3 Qe5+ 22. Re3 Qf6 23. g4 b6 24. gxf5 Bb7 25. fxe6 Rxe6 26. Rh3 Bc5 27. Qh7+ Kf8 28. Ne4 Bxe4 29. Bxe4 Bxe3 30. fxe3 Qa1+ 31. Ke2 Rf6 32. Rf3 Rxf3 33. Bxf3 Re8 34. Be4 Qf6 35. Bg6 Rd8 36. Bd3 d5 37. Bc2 d4 38. Qh8+ Ke7 39. Qh7 dxe3 40. dxe3 Qc3 41. Qe4+ Kf8 42. Qf5+ Qf6 43. Qh7 a5 44. Qe4 b5 45. Bb3 Qb2+ 46. Bc2 a4 47. Qf5+ Qf6 48. Qxb5 a3 49. Bb3 Qb2+ 50. Kf3 a2 51. Qb4+ Ke8 52. Ba4+ Kf7 53. Qxb2 1-0


[Site "https://www.chess.com"]

[Event "Titled Tuesday Blitz May 31 Late 2022"]
[White "Rios Escobar, Adan"]
[Black "Lobanov, Sergei"]
[WhiteFideId "3403645"]
[BlackFideId "24183750"]
[WhiteElo "2427"]
[BlackElo "2524"]
[Result "0-1"]
[Round "01"]
[TimeControl "180+1"]
[Date "2022.06.01"]
[WhiteClock "0:00:08"]
[BlackClock "0:00:14"]

1. d4 Nf6 2. g3 d5 3. Nf3 e6 4. c4 Bb4+ 5. Nbd2 O-O 6. Bg2 b6 7. O-O Bb7 8. Qc2 Be7 9. cxd5 exd5 10. Ne5 c5 11. Ndf3 Ne4 12. Be3 c4 13. Nd2 Nxd2 14. Bxd2 Nc6 15. Nxc6 Bxc6 16. Qf5 Bf6 17. e3 g6 18. Qg4 a5 19. h4 Qd6 20. h5 b5 21. hxg6 hxg6 22. Bf3 b4 23. Kg2 Bd7 24. Qf4 Qxf4 25. gxf4 Be6 26. Rg1 Rfd8 27. Kf1 Bf5 28. Bg4 Bd3+ 29. Ke1 Kf8 30. Rc1 Rdb8 31. Bf3 Rb5 32. Be2 Bxe2 33. Kxe2 a4 34. Rh1 a3 35. bxa3 Rxa3 36. Rc2 Be7 37. Rb1 Ke8 38. Rcb2 c3 39. Bxc3 Rxc3 40. a4 Ra5 41. Kd2 Rxa4 42. f3 Kd7 43. e4 dxe4 44. fxe4 Raa3 45. d5 Rd3+ 46. Ke2 Re3+ 47. Kf2 Rxe4 48. Rd1 Rxf4+ 49. Kg2 Rg4+ 50. Kf2 Bc5+ 51. Ke2 Rg2+ 52. Kf1 Rxb2 53. d6 Rf3+ 54. Ke1 Rh3 55. Rd2 Rh1+ 56. Ke2 Rh2+ 57. Kf3 Rbxd2 58. Kg4 b3 59. Kg5 b2 60. Kf6 b1=Q 61. Kg7 Qf5 62. Kf8 g5 63. Kg7 g4 64. Kf8 Bxd6+ 65. Kg7 Qg6# 0-1


[Site "https://www.chess.com"]

[Event "Titled Tuesday Blitz May 31 Late 2022"]
[White "Rodrigues, Bruno Morado"]
[Black "Korchmar, Vasiliy"]
[WhiteFideId "2115654"]
[BlackFideId "24131750"]
[WhiteElo "2040"]
[BlackElo "2370"]
[Result "0-1"]
[Round "01"]
[TimeControl "180+1"]
[Date "2022.06.01"]
[WhiteClock "0:00:07"]
[BlackClock "0:00:04"]

1. d4 d5 2. Nc3 Nf6 3. Bg5 Nbd7 4. Qd3 c6 5. f3 e5 6. dxe5 Nxe5 7. Qd4 Bd6 8. e4 h6 9. Bxf6 Qxf6 10. exd5 O-O 11. O-O-O c5 12. Qe3 Ng4 13. Qe1 Ne3 14. Ne4 Qg6 15. Qxe3 Be5 16. Bd3 f5 17. Nxc5 Qd6 18. Ne2 b6 19. Ne6 Bxe6 20. dxe6 Qc7 21. Kb1 Rae8 22. f4 Bf6 23. Bxf5 Bxb2 24. Kxb2 Rxf5 25. Nd4 Ra5 26. Qb3 Kh8 27. f5 Qe5 28. Rhe1 Qf6 29. c3 a6 30. Ka1 Rc5 31. g4 b5 32. h4 Qxh4 33. Qb4 Rc4 34. Qb3 Qf6 35. Re3 Re7 36. Red3 Kh7 37. Ne2 Rec7 38. Kb2 b4 39. Rc1 a5 40. Nd4 bxc3+ 41. Rcxc3 Rxd4 42. Rxd4 Qxd4 43. a4 Qd2+ 44. Rc2 Qd4+ 45. Ka3 Qd6+ 46. Ka2 Re7 47. Re2 Qf4 48. Qc2 Kh8 49. Qc8+ Kh7 50. Qc2 Kg8 51. Rd2 Re8 52. Rd7 Kh8 53. Ka3 Qb4+ 54. Ka2 Qf4 55. Qb3 Qxg4 56. Ka3 Qxf5 57. Qb2 Qc5+ 58. Ka2 Qc4+ 59. Ka3 Qc5+ 60. Ka2 Qc4+ 61. Qb3 Qe2+ 62. Ka3 Qxe6 63. Qb2 Qxd7 64. Ka2 Qe7 0-1


[Site "https://www.chess.com"]

[Event "Titled Tuesday Blitz May 31 Late 2022"]
[White "Rostovtsev, Dmitry"]
[Black "Jarocka, Liwia"]
[WhiteFideId "34278320"]
[BlackFideId "21807558"]
[WhiteElo "2274"]
[BlackElo "1887"]
[Result "1-0"]
[Round "01"]
[TimeControl "180+1"]
[Date "2022.06.01"]
[WhiteClock "0:01:09"]
[BlackClock "0:00:08"]

1. e4 e6 2. d4 d5 3. Nd2 Nf6 4. e5 Nfd7 5. Bd3 c5 6. c3 Nc6 7. Ne2 cxd4 8. cxd4 f6 9. exf6 Nxf6 10. Nf3 Bd6 11. O-O O-O 12. Bg5 Bd7 13. a3 Rc8 14. b4 Be8 15. Ng3 h6 16. Be3 Ng4 17. Re1 Nxe3 18. Rxe3 Bf7 19. Bb1 Ne7 20. Ne5 Bxe5 21. Rxe5 Qd6 22. Bd3 Bg6 23. Qd2 Rce8 24. Rae1 Bxd3 25. Qxd3 Nc6 26. R5e2 Qf4 27. Rxe6 Rxe6 28. Rxe6 Qxf2+ 29. Kh1 Nxd4 30. Re3 Kh8 31. h3 Nf5 32. Nxf5 Qxf5 33. Qxf5 Rxf5 34. Re7 Rf1+ 35. Kh2 Ra1 36. Re3 Rd1 37. Kg3 d4 38. Re8+ Kh7 39. Kf4 Ra1 40. Re7 Rxa3 41. Rxb7 Ra4 42. Ke4 Kg6 43. g4 Kf6 44. h4 g5 45. h5 a5 46. bxa5 Rxa5 47. Rh7 Ra1 48. Rxh6+ Kf7 49. Rg6 Ra5 50. Kxd4 Rb5 51. Ke4 Ra5 52. Rd6 Kg7 53. Rd5 Ra1 54. Kf5 Kh6 55. Rd6+ Kh7 56. Kxg5 1-0


[Site "https://www.chess.com"]

[Event "Titled Tuesday Blitz May 31 Late 2022"]
[White "Rychagov, Andrey"]
[Black "Leschinsky, Gary"]
[WhiteFideId "4119932"]
[BlackFideId "30951321"]
[WhiteElo "2500"]
[BlackElo "1782"]
[Result "0-1"]
[Round "01"]
[TimeControl "180+1"]
[Date "2022.06.01"]
[WhiteClock "0:00:01"]
[BlackClock "0:00:04"]

1. d4 d5 2. c4 c6 3. Nf3 Nf6 4. Nc3 e6 5. e3 Nbd7 6. Qc2 Bd6 7. b3 O-O 8. Be2 Re8 9. O-O dxc4 10. bxc4 e5 11. Bb2 exd4 12. exd4 Nf8 13. h3 Ng6 14. Rfe1 Bd7 15. Bf1 Qc7 16. Qb3 Rxe1 17. Rxe1 Re8 18. Rxe8+ Bxe8 19. d5 cxd5 20. cxd5 a6 21. Nd4 Bd7 22. Qd1 Ne5 23. Qb3 Bc5 24. Nce2 b5 25. Ng3 g6 26. f4 Qb6 27. fxe5 Bxd4+ 28. Kh2 Ne8 29. Ne4 Bf5 30. Ng3 Bd7 31. Bxd4 Qxd4 32. e6 fxe6 33. dxe6 Bc6 34. e7+ Kg7 35. Bd3 Nf6 36. Qc2 Qd6 37. Be4 Bxe4 38. Qc3 Qxe7 39. Qd4 Bd5 40. Qb6 Qe6 41. Qa7+ Nd7 0-1


[Site "https://www.chess.com"]